 Dungeon Crawl Stone Soup version 0.24.0-13-gcf9b319 (webtiles) character file.

Game seed: 51612741242605451, levelgen mode: deterministic

182 silenth the Gusty (level 5, 0/28 HPs)
             Began as a Tengu Air Elementalist on Feb 7, 2020.
             Slain by an orc wizard
             ... wielding a +0 dagger
              (4 damage)
             ... on level 4 of the Dungeon.
             The game lasted 00:04:49 (3884 turns).

silenth the Gusty (Tengu Air Elementalist)          Turns: 3884, Time: 00:04:50

Health: 0/28       AC:  3    Str:  8    XL:     5   Next: 62%
Magic:  1/10       EV: 14    Int: 17    God:
Gold:   195        SH:  0    Dex: 14    Spells: 4/10 levels left

rFire    . . .     SeeInvis .   f - +0 dagger
rCold    + . .     Gourm    +   (no shield)
rNeg     . . .     Faith    .   a - +0 robe
rPois    .         Spirit   .   (helmet restricted)
rElec    .         Reflect  .   (no cloak)
rCorr    .         Harm     .   n - +0 pair of gloves
MR       .....                  (boots unavailable)
Stlth    ++........             p - amulet of the gourmand
HPRegen  0.09/turn              q - ring of protection from cold
MPRegen  0.12/turn              (no ring)

@: flying quickly and evasively, drained, quick
A: beak, talons 3, able to fly
a: Stop Flying


You were on level 4 of the Dungeon.
You were not hungry.

You visited 1 branch of the dungeon, and saw 4 of its levels.

You collected 195 gold pieces.

Inventory:

Hand Weapons
 f - a +0 dagger (weapon)
Armour
 a - a +0 robe (worn)
 n - a +0 pair of gloves (worn)
Jewellery
 l - an uncursed ring of fire
 p - an amulet of the gourmand (around neck)
 q - a ring of protection from cold (left hand)
Scrolls
 c - a scroll of teleportation {unknown}
 h - 3 scrolls of magic mapping
 i - 3 scrolls of identify
 m - a scroll of enchant armour {unknown}
 o - 2 scrolls of enchant weapon {unknown}
 r - a scroll of remove curse
Potions
 b - a potion of haste
 d - a potion of flight
 g - a potion of curing
 j - 2 potions of heal wounds
Comestibles
 e - 4 rations


   Skills:
 - Level 2.1(1.2) Dodging
 - Level 2.0(1.0) Stealth
 + Level 3.2(2.2) Spellcasting
 + Level 4.3(3.3) Conjurations
 + Level 5.7(4.7) Air Magic


You had 4 spell levels left.
You knew the following spells:

 Your Spells              Type           Power        Failure   Level  Hunger
a - Shock                 Conj/Air       ###.         3%          1    #......
b - Swiftness             Chrm/Air       #.......     11%         2    ###....
c - Static Discharge      Conj/Air       ###.....     11%         3    ###....

Your spell library contained the following spells:

 Spells                   Type           Power        Failure   Level  Hunger
 Airstrike                Air            ###.......   26%         4    #####..
 Lightning Bolt           Conj/Air       ###.......   69%         5    ######.


Dungeon Overview and Level Annotations

Branches:
Dungeon (4/15)
 Temple: D:4-7

Altars:
Makhleb
Okawaru
Qazlal
Yredelemnul

Shops:
D:4 %


Innate Abilities, Weirdness & Mutations

You have a beak for a mouth.
You have claws for feet.
You can fly continuously.


Message History

Something tries to affect you, but you resist.
Casting: Shock (safe; 4% risk of failure)
Confirm with . or Enter, or press ? or * to list all spells.
Aiming: Shock (safe; 4% risk of failure)
Press: ? - help, Shift-Dir - straight line The zap hits the orc wizard.
The orc wizard is severely wounded.
The orc wizard points at you and mumbles some strange words.
Casting: Shock (safe; 4% risk of failure)
Confirm with . or Enter, or press ? or * to list all spells.
Aiming: Shock (safe; 4% risk of failure)
Press: ? - help, Shift-Dir - straight line, f - orc wizard
Aim: an orc wizard, wielding a +0 dagger and wearing a +0 robe (severely wounded, fast)
The zap hits the orc wizard.
You kill the orc wizard!
Something tries to affect you, but you resist.
Something hits you.
* * * LOW HITPOINT WARNING * * *
You miss something. Something hits you.
You die...

###....######.#.#....# #.........
.......................+.........
###....###.##.#.#...####.........
##.#.# #.##.#.##..# #.......#
#.#.# #.##.#..##.# #.....# #.#.#
#.##.##.# .# #...#
####.#.###.##.##.##.# #'#
..##.......##.......# #†#
#.####.#########@#### #.# #.# #.#
#.# ##.## #.# #.# #.# ##.o.## ..#
#.# ##)## #.....# #.####.#
##...## ##...## #......#
#.....##### ##§## # #.######
#.........#####§#### .##
#.....###...o[...... ## ##...##
#######.####


There were no monsters in sight!

Vanquished Creatures
  A hound (D:3)
  An orc wizard (D:4)
  5 adders
  2 oozes
  A worm (D:2)
  A dart slug (D:3)
  2 leopard geckos
  4 orcs
  3 ball pythons
  5 giant cockroaches
  7 hobgoblins
  3 jackals (D:2)
  6 kobolds
  2 quokkas (D:3)
  4 bats
  7 frilled lizards
  5 goblins
  5 rats
64 creatures vanquished.

Notes
Turn   | Place    | Note
-------+----------+-------------------------------------------
     0 | D:1      | silenth the Tengu Air Elementalist began the quest for the
                  | Orb.
     0 | D:1      | Reached XP level 1. HP: 10/10 MP: 4/4
   274 | D:1      | Reached skill level 2 in Conjurations
   274 | D:1      | Reached XP level 2. HP: 7/15 MP: 3/6
  1159 | D:2      | Reached XP level 3. HP: 8/19 MP: 0/7
  1428 | D:2      | Found a faded altar of an unknown god.
  1479 | D:2      | Found a basalt altar of Yredelemnul.
  1531 | D:2      | Reached skill level 3 in Conjurations
  1545 | D:2      | Learned a level 2 spell: Swiftness
  1549 | D:2      | Learned a level 3 spell: Static Discharge
  1657 | D:2      | Found a stormy altar of Qazlal.
  1702 | D:2      | Reached skill level 5 in Air Magic
  1702 | D:2      | Reached XP level 4. HP: 24/24 MP: 1/8
  2516 | D:3      | Found a burning altar of Makhleb.
  2526 | D:3      | Gained mutation: You can fly continuously. [Tengu growth]
  2526 | D:3      | Reached XP level 5. HP: 16/28 MP: 0/10
  2689 | D:3      | Found an iron altar of Okawaru.
  2950 | D:3      | Reached skill level 4 in Conjurations
  2965 | D:3      | Reached skill level 3 in Spellcasting
  3738 | D:4      | Found Jiutroiz's Food Shop.
  3884 | D:4      | Slain by an orc wizard

Levels and vault maps discovered:
D:1:      saegor_arrival_miasma, layout_loops_cross, minmay_door_square
D:2:      layout_loops_ring, nicolae_overflow_crystal_walls,
          grunt_qazlal_clouds, chequers_ecumenical_altar_island
D:3:      layout_loops_corners, okawaru_gym_becter, first_ration,
          minmay_strange_pillars, makhleb_blood_cavern_becter
D:4:      layout_loops_corners, nicolae_tso_carved_into_rock,
          lemuel_crystal_altar, serial_shops, shop_statue, dk_yredelemnul_ordeal

Skill      XL: |  1  2  3  4  5 |
---------------+----------------+-----
Conjurations   | 2 3 4 |  4.3
Air Magic      | 5 |  5.7
Spellcasting   | 3 |  3.2
Dodging        | |  2.1
Stealth        | |  2.0

Action                   |  1- 3 |  4- 6 || total
-------------------------+-------+-------++-------
Melee: Dagger            |     8 |    30 ||    38
       Kick              |     2 |     6 ||     8
 Cast: Shock             |    54 |    74 ||   128
       Static Discharge  |       |     2 ||     2
 Abil: Fly               |       |     1 ||     1
  Use: Potion            |     3 |     1 ||     4
       Scroll            |     2 |     5 ||     7
 Stab: Sleeping          |       |     1 ||     1
  Eat: Chunk             |     2 |     7 ||     9
       Ration            |       |     1 ||     1
Armor: Robe              |     1 |     9 ||    10
Dodge: Dodged            |    19 |    34 ||    53
